 Dungeon Crawl Stone Soup version 0.17-a0-1769-g54adf96 (webtiles) character file.

240 orochimarko the Skirmisher (level 6, -5/39 HPs)
             Began as a Gargoyle Berserker on Sept 4, 2015.
             Was a Priest of Trog.
             Killed by divine providence
             ... invoked by an orc priest
              (13 damage)
             ... on level 4 of the Dungeon on Sept 7, 2015.
             The game lasted 00:29:43 (3109 turns).

orochimarko the Skirmisher (Gargoyle Berserker)     Turns: 3109, Time: 00:29:45

Health: -5/39      AC: 16    Str: 23    XL:     6   Next: 8%
Magic:  6/6        EV:  6    Int:  7    God:    Trog [***...]
Gold:   227        SH:  3    Dex:  9    Spells: 0 memorised, 5 levels left

rFire  . . .     SeeInvis .     a - +1 mace
rCold  . . .     Clarity  .     b - +0 plate armour
rNeg   + . .     SustAt   .     r - +0 buckler
rPois  ∞         Gourm    .     (no helmet)
rElec  +         Spirit   .     (no cloak)
rCorr  .         Warding  .     s - +0 pair of gloves
rMut   .         Stasis   .     (no boots)
MR     .....                    (no amulet)
Stlth  ..........               (no ring)
                                (no ring)

@: hasted, very quick, not resistant to hostile enchantments, extremely
unstealthy
A: big wings, negative energy resistance 1, electricity resistance, unbreathing,
petrification resistance, rot immunity, AC +4
a: Fly, Burn Spellbooks, Berserk, Trog's Hand, Renounce Religion


You were on level 4 of the Dungeon.
You worshipped Trog.
Trog was most pleased with you.
You were hungry.

You visited 1 branch of the dungeon, and saw 4 of its levels.

You collected 227 gold pieces.

Inventory:

Hand weapons
 a - a +1 mace (weapon)
Armour
 b - a +0 plate armour (worn)
 r - a +0 buckler (worn)
 s - a +0 pair of gloves (worn)
Magical devices
 i - a wand of fire (7)
Scrolls
 h - 2 scrolls of immolation
 j - a scroll of fear
 k - 2 scrolls of teleportation
 m - a scroll of fog
Potions
 d - 2 potions of haste
 e - a potion of mutation
 n - 3 potions of lignification
 p - a potion of heal wounds
 q - 2 potions of brilliance
Comestibles
 c - 3 bread rations
 f - 2 royal jellies
 g - 2 meat rations
 l - a beef jerky


   Skills:
 + Level 4.6 Fighting
 + Level 4.4 Maces & Flails
 + Level 2.7 Armour
 + Level 3.1 Dodging
 + Level 0.4 Shields


You had 5 spell levels left.
You didn't know any spells.

Dungeon Overview and Level Annotations

Branches:
Dungeon (4/15)
 Temple: D:4-7

Altars:
Nemelex Xobeh
Okawaru
Xom


Innate Abilities, Weirdness & Mutations

You are resistant to torment.
Your stone body is resilient (AC +4).
You are immune to poison.
You resist negative energy.
You are resistant to electric shocks.
You can survive without breathing.
You are immune to petrification.
You are immune to rotting.
Your large and strong wings let you fly indefinitely.


Message History

An orc comes into view. It is wielding a hand axe.
The orc wizard shouts!
Found 19 bolts.
You thump the orc!
The orc is severely wounded.
The orc hits you but does no damage. x2
You thump the orc!
You kill the orc!
Trog accepts your kill.
The orc wizard hits you but does no damage.
The orc priest mumbles some strange prayers to Beogh against you.
Something smites you!
* * * LOW HITPOINT WARNING * * *
You feel yourself speed up.
The orc wizard mumbles some strange words.
The orc wizard flickers and vanishes!
Deactivating autopickup; reactivate with Ctrl-A.
The orc priest calls down the wrath of Beogh upon you.
Something smites you!
You die...

.#.#. . .
...#..# .
#.# ...
.##.# #..
.......
###..##.#.o#
.......o..o#
# #.# .#
#.##)##.#
#....@{.#
####)####
#.# #(# #(#
#(# #(# #(#
##.##


You could see an orc priest.

Vanquished Creatures
  A centaur (D:4)
  Natasha (thrice) (D:3)
  3 gnolls (D:3)
  An adder (D:2)
  2 oozes
  2 worms
  2 orcs
  A ball python (D:3)
  4 giant cockroaches
  9 hobgoblins
  8 jackals (D:1)
  11 bats
  A giant gecko (D:2)
  4 giant newts
  9 goblins
  8 kobolds
  6 rats
75 creatures vanquished.

Notes
Turn   | Place    | Note
--------------------------------------------------------------
     0 | D:1      | orochimarko the Gargoyle Berserker began the quest for the Orb.
     0 | D:1      | Reached XP level 1. HP: 14/14 MP: 1/1
   159 | D:1      | Reached XP level 2. HP: 2/19 MP: 2/2
   458 | D:1      | Gained mutation: Your spells are a little harder to cast, but a little more powerful. [potion of mutation]
   458 | D:1      | Gained mutation: Your large and strong wings let you fly indefinitely. [potion of mutation]
   458 | D:1      | Lost mutation: Your spells are a little harder to cast, but a little more powerful. [potion of mutation]
   669 | D:1      | Reached XP level 3. HP: 22/24 MP: 3/3
   715 | D:1      | Acquired Trog's second power
  1597 | D:2      | Upgraded the game from 0.17-a0-1763-g847a857 to 0.17-a0-1769-g54adf96
  1643 | D:2      | Reached XP level 4. HP: 25/29 MP: 4/4
  1810 | D:2      | Reached skill level 4 in Fighting
  1859 | D:2      | Found an iron altar of Okawaru.
  2042 | D:2      | Found a shimmering altar of Xom.
  2202 | D:3      | Noticed Natasha
  2214 | D:3      | Killed Natasha
  2355 | D:3      | Reached XP level 5. HP: 11/33 MP: 5/5
  2444 | D:3      | Noticed Natasha
  2454 | D:3      | Killed Natasha
  2707 | D:3      | Found a sparkling altar of Nemelex Xobeh.
  2739 | D:3      | Noticed Natasha
  2765 | D:3      | Killed Natasha
  3081 | D:4      | Noticed a centaur
  3095 | D:4      | Killed a centaur
  3095 | D:4      | Reached XP level 6. HP: 21/39 MP: 6/6
  3109 | D:4      | Killed from afar by an orc priest

Vault maps used:
D:1:      tarquinn_simple_flora_water_d
D:2:      okawaru_trees_1, old_standard_altar, first_bread
D:3:      nemelex_xobeh_ov_fountains_minmay, uniq_natasha
D:4:      lightli_sewer_entry_pipes, ashenzari_altar_1, uniq_duvessa,
          uniq_eustachio, uniq_blork_the_orc

Action                   |  1- 3 |  4- 6 || total
-------------------------+-------+-------++-------
Melee: Mace              |   155 |   108 ||   263
Invok: Berserk           |     1 |       ||     1
       Burn Spellbooks   |       |     1 ||     1
  Use: Scroll            |     6 |     5 ||    11
       Potion            |     6 |     2 ||     8
  Eat: Chunk             |     4 |     4 ||     8
